 Dungeon Crawl Stone Soup version 0.31-a0-702-gf82c85558f (webtiles) character file.

Game seed: 3002577828317586742

2 qw the Shooter (level 1, 0/12 HPs)
             Began as a Gargoyle Hunter on Sept 7, 2023.
             Constricted to death by a ball python (1 damage)
             ... on level 1 of the Dungeon.
             The game lasted 00:00:02 (65 turns).

qw the Shooter (Gargoyle Hunter)                      Turns: 65, Time: 00:00:02

Health: 0/12       AC:  5    Str: 14    XL:     1   Next: 40%
Magic:  1/1        EV:  8    Int:  9    God:
Gold:   8          SH:  0    Dex: 13    Spells: 0/0 levels left

rFire   . . .        a - +0 shortbow
rCold   . . .        (shield currently unavailable)
rNeg    + . .        c - +0 leather armour
rPois   inf          (no helmet)
rElec   +            (no cloak)
rCorr   .            (no gloves)
SInv    .            (no boots)
Will    .....        (no amulet)
Stlth   +            (no ring)
HPRegen 0.22/turn    (no ring)
MPRegen 0.07/turn

%: no passive effects
@: constricted
A: sickness immunity, AC +2, negative energy resistance 1, electricity
resistance, torment resistance 1, petrification resistance
a: no special abilities


You were on level 1 of the Dungeon.
You visited 1 branch of the dungeon, and saw 1 of its levels.

You collected 8 gold pieces.


Innate Abilities, Weirdness & Mutations

You are immune to sickness and miasma.
Your stone body is resilient. (AC +2)
You are immune to poison.
You resist negative energy. (rN+)
You are resistant to electric shocks. (rElec)
You are resistant to unholy torment.
You are immune to petrification.


   Skills:
 - Level 2.1 Fighting
 + Level 4.1 Ranged Weapons
 - Level 1.5 Dodging
 - Level 1.1 Stealth


You couldn't memorise any spells.
You didn't know any spells.
Your spell library was empty.

Inventory:

Hand Weapons
 a - a +0 shortbow (weapon)
Armour
 c - a +0 leather armour (worn)
 d - a +0 pair of boots
Scrolls
 b - a scroll of butterflies

Dungeon Overview and Level Annotations

Branches:
Dungeon (1/15)

Altars:


Message History

The arrow closely misses the ball python.
The ball python bites you but does no damage.
The ball python barely misses you.
The ball python bites you but does no damage.
The ball python grabs you. The ball python constricts you.
The ball python bites you but does no damage.
You shoot an arrow.
The arrow barely misses the ball python.
The ball python bites you. The ball python constricts you.
The ball python bites you but does no damage.
You shoot an arrow.
The arrow hits the ball python but does no damage.
The ball python barely misses you. The ball python constricts you.
The ball python completely misses you. The ball python bites you.
The ball python constricts you.
You shoot an arrow. The arrow hits the ball python.
The ball python is severely wounded.
The ball python bites you. x2; The ball python constricts you.
The ball python bites you.
You shoot an arrow.
The arrow barely misses the ball python.
The ball python bites you. The ball python constricts you.
The ball python bites you.
You shoot an arrow.
The arrow barely misses the ball python.
The ball python bites you but does no damage.
The ball python constricts you.
The ball python bites you but does no damage. x2
The ball python constricts you. The ball python bites you.
You shoot an arrow.
The arrow barely misses the ball python.
The ball python barely misses you. The ball python constricts you.
The ball python bites you but does no damage.
You shoot an arrow.
The arrow barely misses the ball python.
The ball python barely misses you. The ball python bites you.
The ball python constricts you.
The ball python bites you but does no damage. x2
The ball python constricts you.
You die...

+...... #...... #~#
#...... #~# #...... #~#
#+# ###+## #...).. #~#
#.##77..... #...... #~7
8.#7~...... #.....S###~#
#.8#.......
#.....S@.#~###.##...~7~.
########...''..++...787.
###~###.##...~7~.
#~#~#.8#.......
#~778.#7~......
#~#~#.##77.....
#~###'######'##
#~#8...8##8#'#8
#~#.....'......


You could see 2 ball pythons.

Vanquished Creatures
  A giant cockroach (D:1)
  A kobold (D:1)
2 creatures vanquished.

Notes
Turn   | Place    | Note
-------+----------+-------------------------------------------
     0 | D:1      | qw the Gargoyle Hunter began the quest for the Orb.
     0 | D:1      | Reached XP level 1. HP: 12/12 MP: 1/1
     0 | D:1      | 0 ||| qw: Version: 0.3-a-76-g4403597
     0 | D:1      | 0 ||| qw: Game counter: 874
     0 | D:1      | 0 ||| qw: Melee chars always use a shield: true
     0 | D:1      | 0 ||| qw: God list: Okawaru
     0 | D:1      | 0 ||| qw: Allow faded altars: false
     0 | D:1      | 0 ||| qw: Do Orc after clearing Dungeon:15 true
     0 | D:1      | 0 ||| qw: Do second Lair branch before Depths: true
     0 | D:1      | 0 ||| qw: Lair rune preference: random
     0 | D:1      | 0 ||| qw: Goals: Normal
     0 | D:1      | 0 ||| PLANNING D:1-11
    62 | D:1      | HP: 2/12 [ball python (2)]
    65 | D:1      | Constricted to death by a ball python

Levels and vault maps discovered:
D:1:      saegor_arrival_fortress, layout_basic, minmay_small_reverse_x

Action                     || total
---------------------------++-------
   Fire: Shortbow          ||    16
 Armour: Leather armour    ||    19
  Dodge: Dodged            ||     7

Table legend:
 A = Non-vault XP
 B = Vault XP
 C = Vault XP percentage of total XP
 D = Non-vault monster count
 E = Vault monster count
 F = Vault count percentage of total count
                 A         B        C        D         E       F
            +---------+---------+-------+---------+---------+-------
      Total |       4 |       0 |   0.0 |       2 |       0 |   0.0
            +---------+---------+-------+---------+---------+-------
        D:1 |       4 |       0 |   0.0 |       2 |       0 |   0.0
            +---------+---------+-------+---------+---------+-------
